AoeStats
← Jamitri

MegaRandom

505695867Analyzed
2v2 RM · 21d ago on Sep 10, 2026· 40m 11s· 4 players
Game mode
Random Map
Map size
Medium (4 player)
Population
200
Speed
Normal
Resources
Standard
Victory
Conquest
Starting age
Dark Age
Ending age
Imperial Age
RankedLock teamsTeams togetherTeam positionsShared explorationLock speedFull tech treeHidden civsTurbo modeCheats
Victory
Defeat
🇩🇪 Magyars · Germany
997
+13
🇩🇪 Vietnamese · Germany
982
+14
🇧🇷 Teutons · Brazil
943
-14
🇫🇷 Burgundians · France
927
-13
ERJ1919
2:55 Loom
11:37 Feudal Age
17:20 Castle Age
15:55 Double-Bit Axe
21:40 Stone Mining
simon.chauvet8
8:16 Double-Bit Axe
14:51 Feudal Age
14:02 Stone Mining
15:26 Gold Mining
15:48 Bow Saw
17:18 Wheelbarrow
16:30 Loom
22:06 Gold Shaft Mining
25:25 Castle Age
27:14 Husbandry
30:40 Cavalier
32:28 Pikeman
33:09 Squires
39:01 Town Watch
39:32 Hand Cart
40:26 Two-Man Saw
39:54 Fervor
40:43 Town Patrol
Jamitri
1:05 Loom
11:08 Feudal Age
15:59 Castle Age
15:33 Double-Bit Axe
15:36 Horse Collar
16:48 Scale Barding Armor
17:47 Bloodlines
20:36 Gold Mining
23:40 Bow Saw
27:37 Chain Barding Armor
29:37 Husbandry
30:05 Fletching
30:16 Padded Archer Armor
33:34 Thumb Ring
34:23 Bodkin Arrow
36:22 Wheelbarrow
35:52 Heavy Plow
36:37 Leather Archer Armor
37:34 Ballistics
38:14 Hand Cart
38:38 Corvinian Army
42:51 Imperial Age
Yvelknivel
10:57 Feudal Age
15:02 Castle Age
12:55 Loom
15:11 Double-Bit Axe
15:11 Horse Collar
15:25 Gold Mining
17:08 Fletching
17:23 Heavy Plow
17:35 Bow Saw
18:20 Crossbowman
24:14 Bodkin Arrow
24:24 Padded Archer Armor
27:07 Leather Archer Armor
32:26 Thumb Ring
Connection lost

Rejoining the realm…

Still unreachable

The connection could not be restored.

Session expired

The server has moved on; the page needs a fresh start.